 Dungeon Crawl Stone Soup version 0.23-a0-445-g768d57b (webtiles) character file.

105 Dfrag the Firebug (level 4, -1/30 HPs)
             Began as a Demonspawn Fire Elementalist on Nov 18, 2018.
             Slain by a gnoll
             ... wielding a +0 flail
              (6 damage)
             ... on level 3 of the Dungeon.
             The game lasted 00:03:02 (1777 turns).

Dfrag the Firebug (Demonspawn Fire Elementalist)    Turns: 1777, Time: 00:03:03

Health: -1/30      AC:  3    Str:  8    XL:     4   Next: 53%
Magic:  1/8        EV: 12    Int: 17    God:
Gold:   150        SH:  0    Dex: 14    Spells: 1/9 levels left

rFire    . . .     SeeInvis .   b - +0 dagger
rCold    . . .     Gourm    .   (no shield)
rNeg     . . .     Faith    .   a - +0 robe
rPois    .         Spirit   .   (helmet restricted)
rElec    .         Reflect  .   l - scarf {cloud immunity}
rCorr    .         Harm     .   j - +0 pair of gloves
MR       +....                  (no boots)
Stlth    ++........             (no amulet)
HPRegen  0.10/turn              e - ring of protection from magic
MPRegen  0.11/turn              g - +2 ring of slaying

@: very slightly contaminated
A: horns 1
a: no special abilities


You were on level 3 of the Dungeon.
You were not hungry.

You visited 1 branch of the dungeon, and saw 3 of its levels.

You collected 150 gold pieces.

Inventory:

Hand Weapons
 b - a +0 dagger (weapon)
Armour
 a - a +0 robe (worn)
 j - a +0 pair of gloves (worn)
 l - a scarf of cloud immunity (worn)
Jewellery
 e - a ring of protection from magic (left hand)
 g - a +2 ring of slaying (right hand)
Scrolls
 h - 2 scrolls of identify {unknown}
 k - 2 scrolls of teleportation {unknown}
 m - a scroll of random uselessness {unknown}
 p - 2 scrolls of blinking {unknown}
Potions
 d - 2 potions of curing {unknown}
 f - a potion of cancellation {unknown}
 i - 2 potions of degeneration {unknown}
 o - a potion of berserk rage {unknown}
Comestibles
 c - 7 rations


   Skills:
 - Level 1.7 Dodging
 - Level 1.7 Stealth
 + Level 3.0 Spellcasting
 + Level 2.6 Conjurations
 + Level 3.5 Fire Magic


You had one spell level left.
You knew the following spells:

 Your Spells              Type           Power        Failure   Level  Hunger
a - Flame Tongue          Conj/Fire      ##...        4%          1    None
b - Conjure Flame         Conj/Fire      ##......     14%         3    ###....
c - Sticky Flame          Conj/Fire      ##......     43%         4    ####...

Your spell library contained the following spells:

 Spells                   Type           Power        Failure   Level  Hunger
 Throw Flame              Conj/Fire      ##....       8%          2    ##.....
 Inner Flame              Hex/Fire       #.......     26%         3    ###....
 Fireball                 Conj/Fire      ##........   80%         5    ######.


Dungeon Overview and Level Annotations

Branches:
Dungeon (3/15)

Altars:
Dithmenos
Elyvilon
Wu Jian
The Shining One


Innate Abilities, Weirdness & Mutations

You have a pair of small horns on your head.


Message History

You kill the gnoll!
Casting: Flame Tongue (safe; 4% risk of failure)
Confirm with . or Enter, or press ? or * to list all spells.
Aiming: Flame Tongue (safe; 4% risk of failure)
Press: ? - help, Shift-Dir - straight line, f - gnoll
Aim: a gnoll, wielding a +0 flail The flame tongue hits the gnoll.
The gnoll is lightly wounded.
The gnoll hits you with a +0 flail!
Casting: Flame Tongue (safe; 4% risk of failure)
Confirm with . or Enter, or press ? or * to list all spells.
Aiming: Flame Tongue (safe; 4% risk of failure)
Press: ? - help, Shift-Dir - straight line, f/p - gnoll
Aim: a gnoll, wielding a +0 flail (lightly wounded)
The flame tongue hits the gnoll.
The gnoll is heavily wounded.
The gnoll hits you from afar with a +0 spear!
* * * LOW HITPOINT WARNING * * *
The gnoll hits you with a +0 flail.
You die...

##.##.##......#
#.##.##......# ###
#####..#.####'#..#
..# #......#.# #.#!.#
#.## #........## #g#
.# #..####.........#
#.# ..
............#...# #.#
.#
....######+###..###.#
.# ##..# #.# #..@gg.#
###.#
#.###..########### #
..#
#................. .
..#
#####..###########
.### ##>........ .
##########
##################
#................#


You could see 2 gnolls.

Vanquished Creatures
  A jelly (D:3)
  A gnoll (D:3)
  An adder (D:3)
  3 dart slugs (D:1)
  An orc (D:3)
  11 bats
  A giant cockroach (D:2)
  4 goblins
  5 hobgoblins
  3 quokkas
  A ball python (D:2)
  2 frilled lizards
  7 kobolds
  9 rats
50 creatures vanquished.

Notes
Turn   | Place    | Note
-------+----------+-------------------------------------------
     0 | D:1      | Dfrag the Demonspawn Fire Elementalist began the quest for
                  | the Orb.
     0 | D:1      | Reached XP level 1. HP: 13/13 MP: 3/3
   113 | D:1      | Gained mutation: You have a pair of small horns on your
                  | head. [demonic ancestry]
   113 | D:1      | Reached XP level 2. HP: 14/19 MP: 0/5
   594 | D:1      | Reached XP level 3. HP: 24/24 MP: 4/6
   889 | D:2      | Found a white marble altar of Elyvilon.
  1166 | D:2      | Found a glowing golden altar of the Shining One.
  1395 | D:3      | Reached XP level 4. HP: 30/30 MP: 2/8
  1440 | D:3      | Found a shadowy altar of Dithmenos.
  1593 | D:3      | Found an ornate altar of the Wu Jian Council.
  1672 | D:3      | Learned a level 3 spell: Conjure Flame
  1677 | D:3      | Learned a level 4 spell: Sticky Flame
  1777 | D:3      | Slain by a gnoll

Vault maps used:
D:1:      saegor_arrival_simple_d, chequers_serial_rivers_micro_d
D:2:      elyvilon_altar_4, lemuel_round_altar
D:3:      lemuel_doored_altar, first_ration, nicolae_dithmenos_shadow_blocks

Skill      XL: |  1  2  3  4 |
---------------+-------------+-----
Fire Magic     | 3 |  3.5
Conjurations   | 2 |  2.6
Spellcasting   | 3 |  3.0
Dodging        | |  1.7
Stealth        | |  1.7

Action                   |  1- 3 |  4- 6 || total
-------------------------+-------+-------++-------
Melee: Unarmed           |     4 |       ||     4
       Dagger            |    33 |       ||    33
       Headbutt          |     3 |       ||     3
 Cast: Flame Tongue      |    53 |    21 ||    74
 Stab: Sleeping          |     2 |       ||     2
  Eat: Chunk             |     2 |     1 ||     3
Armor: Robe              |    18 |       ||    18
Dodge: Dodged            |    41 |     5 ||    46

Table legend:
 A = Non-vault XP
 B = Vault XP
 C = Vault XP percentage of total XP
 D = Non-vault monster count
 E = Vault monster count
 F = Vault count percentage of total count
                 A         B        C        D         E       F
            +---------+---------+-------+---------+---------+-------
      Total |     150 |       0 |   0.0 |      50 |       0 |   0.0
            +---------+---------+-------+---------+---------+-------
        D:1 |      43 |       0 |   0.0 |      25 |       0 |   0.0
        D:2 |      20 |       0 |   0.0 |      14 |       0 |   0.0
        D:3 |      87 |       0 |   0.0 |      11 |       0 |   0.0
            +---------+---------+-------+---------+---------+-------
